 Dungeon Crawl Stone Soup version 0.30-a0-596-g0af90f9a20 (webtiles) character file.

Game seed: 3115796015259286948

38 wormed the Insei (level 3, -9/23 HPs)
             Began as an Octopode Transmuter on Jan 7, 2023.
             Killed from afar by Sigmund (19 damage)
             ... with a bolt of dispelling energy
             ... on level 2 of the Dungeon.
             The game lasted 00:02:16 (1221 turns).

wormed the Insei (Octopode Transmuter)              Turns: 1221, Time: 00:02:17

Health: -9/23      AC:  1    Str:  9    XL:     3   Next: 43%
Magic:  6/6        EV: 13    Int: 17    God:
Gold:   42         SH:  0    Dex: 12    Spells: 3/6 levels left

rFire   . . .      SeeInvis .      - Unarmed
rCold   . . .      Faith    .    (no shield)
rNeg    . . .      Spirit   .    (helmet restricted)
rPois   .          Reflect  .    (no amulet)
rElec   .          Harm     .    (no ring)
rCorr   .          Rampage  .    (no ring)
Will    .....                    (no ring)
Stlth   ++                       (no ring)
HPRegen 0.23/turn                (no ring)
MPRegen 0.10/turn                (no ring)
                                 (no ring)
                                 (no ring)

@: no status effects
A: almost no armour, amphibious, 8 rings, camouflage 1, gelatinous body 1,
(nimble swimmer 1), tentacles
a: no special abilities


You were on level 2 of the Dungeon.
You visited 1 branch of the dungeon, and saw 2 of its levels.

You collected 42 gold pieces.

Inventory:

Scrolls
 d - 2 scrolls of identify
 e - a scroll of teleportation
 f - 2 scrolls of enchant weapon


   Skills:
 + Level 1.3 Fighting
 + Level 2.3 Dodging
 + Level 3.2 Unarmed Combat
 + Level 2.1 Spellcasting
 * Level 2.7 Transmutations
 + Level 0.9 Ice Magic


You had 3 spell levels left.
You knew the following spells:

 Your Spells              Type           Power      Damage    Failure   Level
a - Beastly Appendage     Tmut           22%        N/A       6%          1
b - Wereblood             Tmut           11%        N/A       10%         2

Your spell library contained the following spells:

 Spells                   Type           Power      Damage    Failure   Level
 Spider Form              Tmut/Pois      6%         N/A       32%         3
 Ice Form                 Ice/Tmut       8%         N/A       65%         4


Dungeon Overview and Level Annotations

Branches:
Dungeon (2/15)

Altars:

Annotations:
D:2 Sigmund


Innate Abilities, Weirdness & Mutations

You cannot wear most types of armour.
You are amphibious.
You can wear up to eight rings at the same time.
Your skin changes colour to match your surroundings (Stealth+).
Your rubbery body absorbs attacks. (AC +1, EV +1)
((You are camouflaged when in or above water. (Stealth+)))
You have tentacles for arms and can constrict up to eight enemies at once.


Message History

A ball python comes into view.
A ball python is nearby!
A ball python is nearby!
Casting: Wereblood (safe; 10% risk of failure)
Confirm with . or Enter, or press ? or * to list all spells.
One of your tentacles grows a vicious spike.
Casting: Beastly Appendage (safe; 6% risk of failure)
Confirm with . or Enter, or press ? or * to list all spells.
You miscast Wereblood.
You are very lightly contaminated with residual magic.
Nothing appears to happen.
You barely miss the ball python. Your grab misses the ball python.
The ball python closely misses you. The ball python grabs you.
The ball python constricts you.
You closely miss the ball python. Your grab misses the ball python.
The ball python bites you. The ball python constricts you.
You barely miss the ball python. You grab the ball python.
You constrict the ball python. The ball python bites you.
The ball python constricts you.
You tentacle-slap the ball python.
You kill the ball python!
No target in view!
Your magical contamination has completely faded away.
Your transformation is almost over.
Your tentacle spike disappears.
Magic restored.
HP restored.
Found a quarterstaff.
You open the door.
You now have 32 gold pieces (gained 16).
You now have 42 gold pieces (gained 10).
Sigmund is nearby!
Found a stone staircase leading down.
Sigmund gestures at you while chanting. The puff of flame hits you!
Ouch! That really hurt!
Sigmund zaps a wand.
The bolt of dispelling energy hits you!!
Ouch! That really hurt!
You die...

.### #.#.#...............###
........#.#.#........######
.########.#.#.#.............
.### #.#.#.#.............
...# #.#.#.####..........
.#.# #.#.#.# #..........
.#.## #.#.#.# ###+###....
.#..#####.#...######.# .###
................@...># #
.##..##...@#########.#
.###..#....# .# ##.#....# #.
.# #.#....# .. .# #..##'##
.### .# ##.##.# .....
.#####)...# ##...
....)))...# ...


You could see Sigmund.

Vanquished Creatures
  Robin (D:2)
  9 goblins (D:2)
  3 hobgoblins
  A kobold (D:1)
  3 quokkas (D:1)
  2 ball pythons
  2 bats (D:1)
  2 rats (D:1)
23 creatures vanquished.

Notes
Turn   | Place    | Note
-------+----------+-------------------------------------------
     0 | D:1      | wormed the Octopode Transmuter began the quest for the Orb.
     0 | D:1      | Reached XP level 1. HP: 13/13 MP: 3/3
   367 | D:1      | Reached XP level 2. HP: 18/18 MP: 3/5
   748 | D:1      | You fall into a shaft and drop 1 floor!
   787 | D:2      | Learned a level 2 spell: Wereblood
   789 | D:2      | Noticed Robin
   795 | D:2      | Killed Robin
   796 | D:2      | Reached XP level 3. HP: 16/23 MP: 2/6
   905 | D:2      | Noticed Sigmund
  1221 | D:2      | Killed from afar by Sigmund

Illustrated notes

Levels and vault maps discovered:
D:1:      heliophobic_arrival_battle_scene, layout_basic
D:2:      layout_basic, basic_altar, minmay_split_cup_large, uniq_robin,
          uniq_sigmund

Action                   || total
-------------------------++-------
Melee: Unarmed           ||    61
       Constrict         ||    10
       Tentacles         ||     7
       Kick              ||     7
       Punch             ||     1
 Cast: Beastly Appendage ||    12
  Use: Scroll            ||     4
       Potion            ||     1
 Stab: Sleeping          ||     2
Armor: Skin              ||    30
Dodge: Dodged            ||    28

Table legend: (Time is in decaauts)
 A = Elapsed time spent in this place.
 B = Non-inter-level travel time spent in this place.
 C = Inter-level travel time spent in this place.
 D = Time resting spent in this place.
 E = Time spent auto-exploring this place.
 F = Levels seen in this place.
 G = Mean time per level.
                   A        B        C        D        E       F      G
               +--------+--------+--------+--------+--------+-----+--------+
         Total |   1217 |   1160 |     57 |      0 |    943 |   2 |  608.5 |
       Dungeon |   1217 |   1160 |     57 |      0 |    943 |   2 |  608.5 |
               +--------+--------+--------+--------+--------+-----+--------+

Top non-repeatable levels by time:
     D:1: 894 daAuts
     D:2: 323 daAuts
